 Dungeon Crawl Stone Soup version 0.29.1-2-gbd0b4ee654 (webtiles) character file.

Game seed: 9541933026585303484

146261 LustLizard the Eclecticist (level 16, -4/91 HPs)
             Began as a Spriggan Air Elementalist on Nov 21, 2022.
             Was the Champion of Qazlal.
             Killed from afar by an eleionoma (42 damage)
             ... with a spray of wooden splinters
             ... on level 3 of the Swamp on Nov 22, 2022.
             The game lasted 02:25:47 (53702 turns).

LustLizard the Eclecticist (SpAE)                  Turns: 53702, Time: 02:25:48

Health: -4/91      AC: 11    Str:  8    XL:     16   Next: 89%
Magic:  4/36       EV: 25    Int: 32    God:    Qazlal [******]
Gold:   572        SH:  8    Dex: 16    Spells: 4/46 levels left

rFire   + . .      SeeInvis +   g - +9 trident of the Last Nightingales {vamp, rF+ Str+2}
rCold   . . .      Faith    .   (shield currently unavailable)
rNeg    . . .      Spirit   .   B - +4 troll leather armour
rPois   +          Reflect  .   (helmet restricted)
rElec   .          Harm     .   O - scarf {shadows}
rCorr   .          Rampage  .   (gloves unavailable)
Will    ++...                   (boots unavailable)
Stlth   +.........              J - amulet of regeneration
HPRegen 1.85/turn               o - +6 ring of intelligence
MPRegen 0.25/turn               W - ring "Semupuka" {rPois Int+4 Stlth+}

@: protected from physical damage, studying Ice Magic, repel missiles, very
quick
A: very small, no large weapons, unfitting armour, see invisible, speed 3
a: Renounce Religion, Upheaval, Elemental Force, Disaster Area


You were on level 3 of the Swamp.
You worshipped Qazlal.
Qazlal was exalted by your worship.
You visited 5 branches of the dungeon, and saw 26 of its levels.
You also visited: Ice Cave and Volcano.

You collected 2575 gold pieces.
You spent 2003 gold pieces at shops.

Inventory:

Hand Weapons
 g - the +9 trident of the Last Nightingales (weapon) {vamp, rF+ Str+2}
   (You bought it in a shop on level 11 of the Dungeon)

   It occasionally heals its wielder for a portion of the damage dealt when it
   wounds a living foe.
   Str:       It affects your strength (+2).
   rF:        It protects you from fire.
Armour
 x - a +3 buckler of cold resistance
 B - a +4 troll leather armour (worn)
 O - a scarf of shadows (worn)
 Q - a +2 robe of cold resistance
 Z - the +2 robe "Moaruasy" {rElec rC- Int+3 Dex+8}
   (You found it on level 5 of the Lair of Beasts)

   Int:       It affects your intelligence (+3).
   Dex:       It affects your dexterity (+8).
   rC:        It makes you vulnerable to cold.
   rElec:     It insulates you from electricity.
Jewellery
 o - a +6 ring of intelligence (left hand)
 y - a +6 ring of strength
 J - an amulet of regeneration (around neck)
 N - a ring of willpower
 P - a ring of ice
 T - a ring of fire
 W - the ring "Semupuka" (right hand) {rPois Int+4 Stlth+}
   (You found it in an ice cave)

   [ring of poison resistance]

   Int:       It affects your intelligence (+4).
   rPois:     It protects you from poison.
   Stlth:     It makes you more stealthy.
Wands
 c - a wand of charming (34)
 i - a wand of flame (42) (quivered)
 r - a wand of polymorph (21)
 u - a wand of acid (15)
 E - a wand of iceblast (16)
Scrolls
 a - a scroll of enchant armour
 d - 2 scrolls of immolation
 e - 5 scrolls of fear
 f - a scroll of teleportation
 h - 2 scrolls of poison
 k - 3 scrolls of blinking
 n - a scroll of summoning
 p - 8 scrolls of fog
 s - 2 scrolls of enchant weapon
 A - 5 scrolls of brand weapon
 F - 6 scrolls of silence
 M - 2 scrolls of magic mapping
Potions
 b - a potion of magic
 j - 12 potions of curing
 l - 3 potions of berserk rage
 m - 4 potions of brilliance
 v - a potion of ambrosia
 w - 4 potions of resistance
 z - 5 potions of might
 C - 2 potions of flight
 I - 5 potions of heal wounds
 K - 4 potions of invisibility
 L - 2 potions of haste
 U - 3 potions of cancellation
 Y - 2 potions of mutation
Miscellaneous
 R - a lightning rod (4/4)


   Skills:
 - Level 13.3 Fighting
 + Level 13.6 Dodging
 - Level 6.0 Stealth
 - Level 2.2 Shields
 + Level 15.7 Spellcasting
 * Level 5.6 Conjurations
 - Level 5.2 Hexes
 * Level 7.9 Air Magic
 - Level 3.8 Earth Magic
 * Level 15.3 Invocations
 + Level 10.3 Evocations


You had 4 spell levels left.
You knew the following spells:

 Your Spells              Type           Power      Damage    Failure   Level
a - Shock                 Conj/Air       100%       1d9       1%          1
b - Airstrike             Air            33%        2d(5-21)  1%          4
c - Summon Small Mammal   Summ           100%       N/A       2%          1
d - Mephitic Cloud        Conj/Pois/Air  52%        N/A       1%          3
e - Swiftness             Air            66%        N/A       1%          3
f - Fulminant Prism       Conj/Hex       28%        3d14      2%          4
g - Tukima's Dance        Hex            56%        N/A       1%          3
h - Portal Projectile     Hex/Tloc       82%        N/A       2%          3
j - Lee's Rapid Deconstr  Erth           24%        3d14*     14%         5
k - Iskenderun's Mystic   Conj/Tloc      43%        2d10      8%          4
l - Conjure Ball Lightni  Conj/Air       31%        3x3d10    24%         6
m - Lightning Bolt        Conj/Air       31%        1d48      4%          5

Your spell library contained the following spells:

 Spells                   Type           Power      Damage    Failure   Level
 Magic Dart               Conj           100%       1d8       1%          1
 Searing Ray              Conj           100%       2d8       1%          2
 Static Discharge         Conj/Air       62%        3-11/arc  1%          2
 Apportation              Tloc           50%        N/A       2%          1
 Beastly Appendage        Tmut           50%        N/A       2%          1
 Freeze                   Ice            100%       1d11      2%          1
 Necrotise                Necr           100%       1d9       2%          1
 Call Imp                 Summ           25%        N/A       3%          2
 Sublimation of Blood     Necr           25%        N/A       3%          2
 Wereblood                Tmut           25%        N/A       3%          2
 Leda's Liquefaction      Hex/Erth       26%        N/A       3%          4
 Call Canine Familiar     Summ           25%        N/A       8%          3
 Frozen Ramparts          Ice            50%        1d8       8%          3
 Ozocubu's Armour         Ice            25%        N/A       8%          3
 Spider Form              Tmut/Pois      25%        N/A       8%          3
 Flame Wave               Conj/Fire      43%        2d11      8%          4
 Hailstorm                Conj/Ice       43%        3d10      8%          4
 Sticky Flame             Conj/Fire      43%        2d6       8%          4
 Petrify                  Tmut/Erth      37%        N/A       11%         4
 Ice Form                 Ice/Tmut       25%        N/A       24%         4
 Olgreb's Toxic Radiance  Pois           25%        N/A       24%         4
 Summon Ice Beast         Ice/Summ       25%        N/A       24%         4
 Iskenderun's Battlesphe  Conj           57%        2d11      7%          5
 Fireball                 Conj/Fire      21%        3d10      22%         5
 Irradiate                Conj/Tmut      21%        3d18      22%         5
 Blade Hands              Tmut           12%        N/A       56%         5
 Orb of Destruction       Conj           28%        9d9       91%         7
 Simulacrum               Ice/Necr       12%        N/A       98%         6
 Maxwell's Capacitive Co  Air            33%        ∞         99%         8
 Dragon Form              Tmut           12%        N/A       100%        7
 Ozocubu's Refrigeration  Ice            12%        4d10      100%        7
 Summon Hydra             Summ           12%        N/A       100%        7
 Ignition                 Fire           12%        3d6       100%        8
 Polar Vortex             Ice            12%        N/A       100%        9


Dungeon Overview and Level Annotations

Branches:
Dungeon (15/15)            Temple (1/1) D:7            Lair (5/5) D:10
  Swamp (3/4) Lair:2       Spider (0/4) Lair:2        Slime (0/5) Lair:5
    Orc (2/2) D:10            Elf (0/3) Orc:2        Vaults (0/5) D:13
 Depths (0/4) D:15          IceCv (visited)         Volcano (visited)

Altars:
Ashenzari
Cheibriados
Elyvilon
Fedhas
Gozag
Okawaru
Qazlal
Trog
Vehumet
Wu Jian
Zin
Jiyva

Shops:
D:5 [   D:11 (?[   Orc:2 :*[([

Annotations:
D:15 exclusion: obsidian statue


Innate Abilities, Weirdness & Mutations

You are very small and have problems with some larger weapons.
You are too small for most types of armour.
You have supernaturally acute eyesight. (SInv)
You cover ground extremely quickly. (Speed+++)


Message History

Aim: an eleionoma (heavily wounded, empty space bonus: 4/8)
The air twists around and strikes the eleionoma!!
The eleionoma is severely wounded.
The eleionoma hits you.
Unknown command.
Casting: Airstrike (mildly dangerous; 1% risk of failure)
Confirm with . or Enter, or press ? or * to list all spells.
Aiming: Airstrike (mildly dangerous; 1% risk of failure)
Press: ? - help, Dir - move target, f/p - eleionoma
Aim: an eleionoma (severely wounded, empty space bonus: 4/8)
The air twists around and strikes the eleionoma!
The eleionoma is severely wounded.
The eleionoma touches a tree and draws upon its vitality.
The eleionoma is healed.
Casting: Airstrike (mildly dangerous; 1% risk of failure)
Confirm with . or Enter, or press ? or * to list all spells.
You don't have enough magic to cast this spell.
Unknown command.
You hit the eleionoma.
The eleionoma is moderately wounded.
The eleionoma hits you!
You feel protected from physical attacks.
You hit the eleionoma.
The eleionoma is moderately wounded.
You block the eleionoma's attack. The eleionoma hits you!
You feel more protected from physical attacks.
You puncture the eleionoma!
The eleionoma is heavily wounded.
The eleionoma closely misses you.
You puncture the eleionoma!
You feel better.
The eleionoma is heavily wounded.
The eleionoma hurls a spray of splinters at you.
The spray of wooden splinters hits you!!
You feel more protected from physical attacks.
You barely miss the eleionoma.
The eleionoma is heavily wounded.
You block the eleionoma's attack. The eleionoma closely misses you.
The eleionoma hurls a spray of splinters at you.
The spray of wooden splinters hits you!!!
You die...

~~. ~~~.
~~~~ .~~~~
♣...~~
♣♣R§~.~§ .
♣@~°~~~~ [
♣.°.○○§.~~~
~
♣~.○~~.°~~~~
.
♣♣.~~~[~~~§~
.
♣.~~~~~~~~.~
~
♣........~~~
.
♣~.~.♣♣.$~..


You could see an eleionoma.

Vanquished Creatures
  Rupert (D:15)
  A tentacled monstrosity (Swamp:2)
  2 fenstrider witches (Swamp:1)
  An orc warlord (Orc:1)
  A stone giant (D:15)
  A war gargoyle (D:13)
  A dire elephant (Lair:5)
  2 eleionomae (Swamp:2)
  A bunyip (Swamp:1)
  Josephine (Lair:4)
  A great orb of eyes (D:13)
  A yaktaur captain (D:12)
  Fannar (D:11)
  Harold (Lair:1)
  2 boulder beetles
  4 vault guards (D:13)
  16 hydras
  A boulder beetle (shapeshifter) (D:13)
  5 catoblepae
  Erica (D:11)
  The ghost of 0gre the Fighter, a novice MiBe of Trog (D:8)
  2 ironbound frosthearts (IceCv)
  8 alligators
  7 two-headed ogres
  5 centaur warriors
  A deep troll shaman (Lair:5)
  4 tengu warriors
  9 death yaks
  4 orc high priests (Orc:2)
  A deep troll earth mage (D:13)
  A spriggan berserker (Swamp:3)
  A hell knight (Volcano)
  A sun demon (Volcano)
  Sonja (Lair:1)
  6 spriggans
  The ghost of superradish the Covert, a novice OpBr of Jiyva (D:7)
  A goliath frog (Swamp:1)
  2 spriggan druids (Swamp:2)
  3 swamp dragons
  A bog body (Swamp:1)
  5 deep elf pyromancers
  6 orc knights
  2 oklob plants (Lair:4)
  4 orc sorcerers (Orc:2)
  6 cyclopes
  A will-o-the-wisp (Swamp:2)
  2 manticores (D:14)
  A moth of wrath (shapeshifter) (D:13)
  19 ugly things
  12 elephants
  6 torpor snails
  3 black mambas
  7 cane toads
  2 molten gargoyles (Volcano)
  An ice statue (IceCv)
  A kobold demonologist (D:8)
  2 rime drakes
  8 yaktaurs (D:15)
  An efreet (D:14)
  11 komodo dragons
  2 tengu conjurers
  2 unseen horrors
  2 ice devils (Orc:2)
  8 trolls
  A meliai (Lair:2)
  9 tyrant leeches
  2 hornets
  2 bloated husks (Swamp:1)
  A tarantella (shapeshifter) (D:15)
  32 blink frogs
  4 slime creatures
  11 polar bears
  6 dream sheep
  A vampire (D:13)
  60 yaks
  2 shadows (D:10)
  8 wyverns
  5 basilisks
  5 wraiths
  6 fire bats (Volcano)
  6 steam dragons
  16 vampire mosquitoes
  A redback (shapeshifter) (D:13)
  3 wargs (Orc:1)
  15 swamp worms
  3 acid dragons
  An acid dragon (shapeshifter) (D:13)
  9 water moccasins
  2 hell hounds (Volcano)
  34 orc warriors
  5 ice beasts
  5 black bears
  A swamp drake (Swamp:1)
  4 ogres
  39 wolves
  A boggart (D:13)
  8 centaurs
  A phantom (D:3)
  3 kobold brigands
  A necrophage (D:4)
  8 bullfrogs
  A scorpion (D:5)
  21 wights
  15 killer bees
  An electric eel (Lair:4)
  8 howler monkeys
  5 lava snakes (Volcano)
  A jelly (D:5)
  2 gnoll boudas
  A hound (D:4)
  24 orc priests
  Jessica (D:2)
  4 hell rats
  4 iguanas
  35 orc wizards
  2 centaur simulacra
  9 adders
  12 gnolls
  2 shadow imps
  5 white imps
  An ufetubus (D:5)
  2 worms
  2 dart slugs
  97 orcs
  4 endoplasms (D:3)
  2 giant cockroaches
  3 goblins
  8 hobgoblins
  4 jackals (D:3)
  17 kobolds
  3 quokkas
  12 ball pythons
  A frilled lizard (D:1)
  3 rats
852 creatures vanquished.

Vanquished Creatures (collateral kills)
  An eleionoma (Swamp:1)
  2 polar bears (IceCv)
  A troll (D:15)
  A hornet (Swamp:1)
  A spriggan (Swamp:1)
  An orc warrior (Orc:2)
  A wolf (IceCv)
  An orc wizard (Orc:2)
  3 orcs
12 creatures vanquished.

Vanquished Creatures (others)
  A will-o-the-wisp (Swamp:1)
  A yaktaur (D:15)
  A bloated husk (Swamp:1)
  6 dancing weapons
  A vampire mosquito (D:13)
  2 orcs (Orc:2)
  A quokka (D:10)
  2 bushes
  A foxfire (Swamp:3)
  2 fulminant prisms (Lair:5)
  33 fungi
  49 plants
100 creatures vanquished.

Grand Total: 964 creatures vanquished

Notes
Turn   | Place    | Note
-------+----------+-------------------------------------------
     0 | D:1      | LustLizard the Spriggan Air Elementalist began the quest
                  | for the Orb.
     0 | D:1      | Reached XP level 1. HP: 9/9 MP: 5/5
    72 | D:1      | Found a faded altar of an unknown god.
   360 | D:1      | Reached XP level 2. HP: 13/13 MP: 4/6
  1152 | D:2      | Reached skill level 1 in Conjurations
  1239 | D:2      | Noticed Jessica
  1246 | D:2      | Killed Jessica
  1247 | D:2      | Reached XP level 3. HP: 17/17 MP: 4/8
  1455 | D:2      | Reached skill level 1 in Fighting
  1847 | D:2      | Reached XP level 4. HP: 22/22 MP: 5/9
  1975 | D:2      | Learned a level 4 spell: Airstrike
  2840 | D:3      | Reached XP level 5. HP: 25/25 MP: 4/11
  2900 | D:3      | Noticed a phantom
  2929 | D:3      | Killed a phantom
  3343 | D:3      | Learned a level 1 spell: Summon Small Mammal
  3545 | D:3      | Reached XP level 6. HP: 30/30 MP: 6/12
  4124 | D:4      | Reached skill level 5 in Stealth
  4750 | D:5      | Entered Level 5 of the Dungeon
  5059 | D:5      | Reached XP level 7. HP: 24/35 MP: 8/14
  5369 | D:4      | Reached skill level 5 in Air Magic
  5557 | D:5      | Reached skill level 5 in Spellcasting
  5647 | D:5      | You fall into a shaft and drop 2 floors!
  6014 | D:5      | Found Penel's Armour Boutique.
  6123 | D:6      | Reached XP level 8. HP: 40/40 MP: 3/17
  7018 | D:6      | Learned a level 3 spell: Mephitic Cloud
  7049 | D:6      | Reached skill level 1 in Evocations
  7999 | D:7      | Found a staircase to the Ecumenical Temple.
  8008 | Temple   | Entered the Ecumenical Temple
  8047 | Temple   | Became a worshipper of Qazlal Stormbringer
  8088 | D:7      | Found a runed translucent gate.
  8088 | D:7      | Found a runed translucent gate.
  8088 | D:7      | Found a runed translucent gate.
  8302 | D:7      | Reached skill level 5 in Evocations
  8302 | D:7      | Reached XP level 9. HP: 45/45 MP: 10/20
  8368 | D:7      | Learned a level 3 spell: Swiftness
  8373 | D:7      | Learned a level 4 spell: Fulminant Prism
  8573 | D:7      | Reached skill level 1 in Hexes
  9099 | D:7      | Noticed superradish's ghost (novice OpBr)
  9411 | D:8      | Reached skill level 5 in Dodging
  9683 | D:8      | Reached * piety under Qazlal
  9946 | D:8      | Found a runed translucent gate.
  9946 | D:8      | Found a runed translucent gate.
  9946 | D:8      | Found a runed translucent gate.
  9948 | D:8      | Found an opulent altar of Gozag.
  9957 | D:8      | Found the +4 Cigotuvi's embrace {rMiasma Drain rN+}
 10824 | D:8      | Reached XP level 10. HP: 51/51 MP: 14/22
 10891 | D:8      | Reached skill level 5 in Hexes
 11126 | D:8      | Noticed 0gre's ghost (novice MiBe)
 11241 | D:9      | Reached skill level 5 in Fighting
 11291 | D:9      | Reached skill level 1 in Invocations
 11792 | D:9      | Reached ** piety under Qazlal
 12464 | D:10     | Entered Level 10 of the Dungeon
 12941 | D:10     | Found a staircase to the Lair.
 12941 | D:10     | Noticed an elephant
 12941 | D:10     | Noticed a death yak
 12976 | D:10     | Noticed a two-headed ogre
 13119 | D:10     | Killed an elephant
 13508 | D:10     | Killed a death yak
 13868 | D:10     | Reached skill level 5 in Invocations
 14511 | D:10     | Killed a two-headed ogre
 14512 | D:10     | Reached XP level 11. HP: 56/56 MP: 10/25
 14605 | D:10     | Found a white marble altar of Elyvilon.
 14950 | D:10     | Found a staircase to the Orcish Mines.
 15098 | D:11     | Noticed Fannar
 15528 | D:11     | Found Enkutaqi's Weapon Boutique.
 15540 | D:11     | Noticed a boulder beetle
 15601 | D:11     | Noticed a two-headed ogre
 15606 | D:11     | Killed a two-headed ogre
 16209 | D:11     | Noticed a six-headed hydra
 16213 | D:11     | Killed a six-headed hydra
 16350 | D:11     | Noticed Erica
 16373 | D:11     | Killed Erica
 16374 | D:11     | Reached skill level 10 in Spellcasting
 16558 | D:11     | Found Pogeffio's Armour Boutique.
 16624 | D:11     | Killed a boulder beetle
 16754 | D:11     | Learned a level 3 spell: Tukima's Dance
 17120 | D:11     | Found Buitziax's Magic Scroll Emporium.
 17127 | D:11     | Bought a scroll of identify for 34 gold pieces
 17127 | D:11     | Bought a scroll of magic mapping for 127 gold pieces
 17127 | D:11     | Bought a scroll of fear for 68 gold pieces
 17223 | D:11     | Killed Fannar
 17446 | D:11     | Learned a level 3 spell: Portal Projectile
 17554 | D:12     | Found a radiant altar of Vehumet.
 17581 | D:12     | Noticed an eight-headed hydra
 17593 | D:12     | Killed an eight-headed hydra
 17871 | D:12     | Reached *** piety under Qazlal
 18100 | D:12     | Noticed a two-headed ogre
 18105 | D:12     | Killed a two-headed ogre
 18452 | D:7      | Killed superradish's ghost
 18453 | D:7      | Reached XP level 12. HP: 63/63 MP: 2/27
 18758 | D:8      | Killed 0gre's ghost
 19160 | D:12     | Noticed a two-headed ogre
 19163 | D:12     | Killed a two-headed ogre
 19546 | D:12     | Noticed a centaur warrior
 19692 | D:12     | Killed a centaur warrior
 20289 | D:12     | Reached skill level 10 in Invocations
 20422 | Lair:1   | Entered Level 1 of the Lair of Beasts
 20422 | Lair:1   | You fall into a shaft and drop 1 floor!
 20457 | Lair:2   | Noticed a catoblepas
 20476 | Lair:2   | Found a hole to the Spider Nest.
 20518 | Lair:2   | Noticed a boulder beetle
 20547 | Lair:1   | Noticed Harold
 20848 | Lair:1   | Noticed Sonja
 20851 | Lair:1   | Killed Sonja
 20976 | Lair:1   | Noticed a catoblepas
 20985 | Lair:1   | Killed a catoblepas
 21124 | Lair:1   | Killed Harold
 21808 | Lair:1   | Found a snail-covered altar of Cheibriados.
 22248 | Lair:2   | Noticed a catoblepas
 22302 | Lair:2   | Killed a catoblepas
 22879 | Lair:2   | Noticed a six-headed hydra
 22884 | Lair:2   | Killed a six-headed hydra
 22885 | Lair:2   | Reached XP level 13. HP: 69/69 MP: 1/30
 23190 | Lair:2   | Reached **** piety under Qazlal
 23600 | Lair:2   | Learned a level 3 spell: Ozocubu's Armour
 24180 | Lair:2   | Found a staircase to the Swamp.
 25547 | Lair:4   | Noticed Josephine
 25706 | Lair:3   | Reached skill level 10 in Fighting
 26877 | Lair:4   | Killed Josephine
 27145 | Lair:3   | HP: 3/74 [rime drake/flash freeze (19)]
 28411 | Lair:4   | Reached ***** piety under Qazlal
 28686 | Lair:4   | Reached XP level 14. HP: 74/81 MP: 2/31
 29210 | Lair:5   | Entered Level 5 of the Lair of Beasts
 30273 | Lair:5   | Found a staircase to the Slime Pits.
 30274 | Lair:5   | Found a viscous altar of Jiyva.
 30313 | Lair:5   | Identified the +2 robe "Moaruasy" {rElec rC- Int+3 Dex+8}
 32023 | Lair:5   | Identified the +7 great mace "Aciam" {pain, Dex+2}
 33005 | D:12     | Learned a level 5 spell: Lee's Rapid Deconstruction
 33010 | D:12     | Learned a level 4 spell: Iskenderun's Mystic Blast
 33408 | D:13     | Reached skill level 1 in Earth Magic
 33678 | D:13     | Noticed a war gargoyle
 34881 | D:13     | Killed a war gargoyle
 35137 | D:13     | Identified the +6 chain mail of the Ecumenical Temple
                  | {rElec rF+ Dex-2 SInv}
 35797 | D:13     | Reached XP level 15. HP: 76/86 MP: 25/34
 37117 | D:13     | Identified the +1 hand axe of the Slime-mould {elec, *Rage
                  | rN+ Str+8}
 37257 | D:13     | Found a gate to the Vaults.
 37778 | D:14     | Found a stormy altar of Qazlal.
 38250 | D:14     | Reached skill level 10 in Dodging
 38409 | D:14     | Found an iron altar of Okawaru.
 38713 | Orc:1    | Entered Level 1 of the Orcish Mines
 39017 | Orc:1    | Found a dark tunnel.
 39022 | Volcano  | Entered a volcano
 39754 | Volcano  | Found a bloodstained altar of Trog.
 40319 | Orc:2    | Entered Level 2 of the Orcish Mines
 40660 | Orc:2    | Found a frozen archway.
 40668 | IceCv    | Entered an ice cave
 41051 | IceCv    | Identified the +1 plate armour of Puedd {rElec rPois Str+4
                  | Stlth+}
 41774 | IceCv    | Identified the +5 plate armour of Acaek {Str+3 Dex+3
                  | Slay+3}
 41925 | IceCv    | Reached ****** piety under Qazlal
 42381 | IceCv    | HP: 4/86 [ironbound frostheart/creeping frost (30)]
 43196 | IceCv    | Identified the ring "Semupuka" {rPois Int+4 Stlth+}
 43540 | Orc:2    | Reached skill level 15 in Spellcasting
 44087 | Orc:2    | Found Miujini's Antique Armour Shop.
 44510 | Orc:2    | Noticed an orc warlord
 44792 | Orc:1    | Killed an orc warlord
 46126 | Orc:2    | Found a staircase to the Elven Halls.
 46423 | Orc:2    | Found Igoitypho's Antique Armour Shop.
 46424 | Orc:2    | Found Alut's Antique Weapon Boutique.
 46425 | Orc:2    | Found Goli Emukk's General Store.
 46425 | Orc:2    | Found Urral's Book Shop.
 46441 | Orc:2    | Bought a scroll of identify for 26 gold pieces
 46441 | Orc:2    | Identified 2 scrolls of acquirement
 46443 | Orc:2    | Bought a book of the Spheres for 648 gold pieces
 46450 | Orc:2    | Learned a level 6 spell: Conjure Ball Lightning
 46499 | Orc:2    | Bought a polished whip for 142 gold pieces
 46499 | Orc:2    | Identified the +8 whip of Death {vorpal, SInv} (You bought
                  | it in a shop on level 2 of the Orcish Mines)
 46711 | D:11     | Bought the +9 trident of the Last Nightingales {vamp, rF+
                  | Str+2} for 958 gold pieces
 46723 | D:11     | Acquired Gocuem's Handbook of the Incendiary Snowflakes
 46725 | D:11     | Acquired a book of Lightning
 46805 | D:15     | Entered Level 15 of the Dungeon
 46844 | D:15     | Reached XP level 16. HP: 91/91 MP: 16/36
 47180 | D:15     | Reached skill level 1 in Shields
 47670 | D:15     | Noticed Rupert
 47803 | D:15     | Killed Rupert
 48135 | D:15     | Found a staircase to the Depths.
 49011 | D:15     | Learned a level 5 spell: Lightning Bolt
 49213 | Swamp:1  | Entered Level 1 of the Swamp
 49670 | Swamp:1  | Paralysed by a fenstrider witch for 2 turns
 50570 | Swamp:1  | Reached skill level 15 in Invocations
 51272 | Swamp:2  | Noticed a tentacled monstrosity
 51276 | Swamp:1  | Reached skill level 5 in Conjurations
 51665 | Swamp:2  | Killed a tentacled monstrosity
 51666 | Swamp:2  | Reached skill level 10 in Evocations
 52423 | Swamp:2  | Identified the +9 war axe "Roaxzic" {drain, Will- Str+8
                  | Dex+4}
 53702 | Swamp:3  | Killed from afar by an eleionoma

Illustrated notes

Levels and vault maps discovered:
D:1:      dpeg_arrival_long_road, layout_basic,
          hellmonk_ecumenical_altar_lost_god
D:2:      layout_basic, uniq_jessica
D:3:      layout_loops_cross
D:4:      layout_loops_ring, kennysheep_cluttered_room
D:5:      layout_gridville, serial_shops, nicolae_diamond_shop
D:6:      layout_loops_cross
D:7:      layout_basic, minmay_temple_entry_gardened_gates, serial_corexii_hall,
          chequers_hall_statues_corner_a, chequers_hall_statues_wall_a,
          chequers_hall_statues_corner_a, chequers_hall_statues_y,
          gammafunk_ghost_icy, minmay_increasing_density
D:8:      layout_basic, ebering_ghost_gozag
D:9:      layout_cave_pools
D:10:     layout_basic, elyvilon_altar_4, david_lair_generic, david_orc_4
D:11:     layout_rooms, serial_shops, nicolae_shop_crystal,
          kennysheep_mini_moat, nicolae_square_shop, uniq_fannar, uniq_erica
D:12:     layout_long_grid, fiery_altar_vehumet
D:13:     minmay_bad_star, layout_cave_pools, lightli_vaults_fourway_checkpoint,
          worms_lemuel
D:14:     layout_stronghold, okawaru_trees_2, grunt_qazlal_clouds
D:15:     grunt_enter_depths_giant_problem, layout_basic, minmay_fountain_box,
          minivault_15, uniq_rupert
Temple:   minmay_crystal_snake_temple
Lair:1:   layout_concentric_octagons, kennysheep_snail_temple, uniq_harold,
          uniq_sonja
Lair:2:   layout_roguey, palyth_hydra_swamp_entry,
          hellmonk_spider_entry_not_the_bees, chequers_serial_rivers_large_a,
          st_stairs_11, minivault_24
Lair:3:   layout_misc_corridors, minmay_hedge_maze
Lair:4:   layout_roguey, nicolae_quartered_pool_medium, st_stairs_5,
          dpeg_oklob_1, grunt_megastairs_2, uniq_josephine
Lair:5:   grunt_lair_end_beastmaster, layout_gridlike, slime_entry_1,
          grunt_megastairs_4
Swamp:1:  layout_basic_swamp, evilmike_swamp_ruin_house_4
Swamp:2:  layout_falls_marsh, evilmike_swamp_ruin_rubble_1
Swamp:3:  layout_basic_swamp, nicolae_swamp_very_dense_foliage
Orc:1:    layout_caves, enter_volcano_4, basic_altar
Orc:2:    st_orc_congregation, layout_caves, serial_shops,
          nicolae_shop_hallway_stairs, portal_ice_cave_demonic_guard,
          basic_altar

Skill      XL: |  1  2  3  4  5  6  7  8  9 10 11 12 13 14 15 16 |
---------------+-------------------------------------------------+-----
Air Magic      | 3 4 5 6 7 |  7.9
Spellcasting   | 3 4 5 6 7 9 10 12 14 15 | 15.7
Conjurations   | 1 2 3 4 5 |  5.6
Fighting       | 1 2 3 4 6 7 8 12 13 | 13.3
Stealth        | 4 5 6 |  6.0
Dodging        | 4 5 8 9 12 13 | 13.6
Evocations     | 5 6 9 10 | 10.3
Hexes          | 4 5 |  5.2
Invocations    | 5 9 11 12 13 14 15 | 15.3
Earth Magic    | 2 3 |  3.8
Shields        | 2 |  2.2

Action                   |  1- 3 |  4- 6 |  7- 9 | 10-12 | 13-15 | 16-18 || total
-------------------------+-------+-------+-------+-------+-------+-------++-------
Melee: Dagger            |       |       |    10 |    18 |       |       ||    28
       Spear             |       |       |       |    70 |  1082 |       ||  1152
       Punch             |       |       |       |     1 |     8 |       ||     9
       Trident           |       |       |       |       |       |   200 ||   200
       Unarmed           |       |       |       |       |       |     4 ||     4
 Cast: Shock             |    60 |   155 |   219 |   195 |   102 |    51 ||   782
       Airstrike         |       |       |    57 |   308 |   785 |   265 ||  1415
       Mephitic Cloud    |       |       |       |     6 |     1 |     1 ||     8
       Tukima's Dance    |       |       |       |     3 |    11 |    13 ||    27
       Fulminant Prism   |       |       |       |       |     2 |       ||     2
       Lee's Rapid Decon |       |       |       |       |    32 |     1 ||    33
       Iskenderun's Myst |       |       |       |       |     5 |       ||     5
       Lightning Bolt    |       |       |       |       |       |     4 ||     4
Invok: Upheaval          |       |       |       |     2 |       |       ||     2
       Disaster Area     |       |       |       |       |     3 |     1 ||     4
       Elemental Force   |       |       |       |       |       |     1 ||     1
Evoke: Wand              |       |       |     1 |    17 |     2 |     4 ||    24
       Lightning rod     |       |       |       |       |    10 |       ||    10
  Use: Scroll            |       |     3 |     6 |    12 |    19 |     4 ||    44
       Potion            |       |       |     1 |     1 |     2 |     1 ||     5
 Stab: Sleeping          |       |       |     1 |       |       |       ||     1
       Distracted        |       |       |       |       |     1 |       ||     1
       Confused          |       |       |       |       |       |     1 ||     1
Armor: Robe              |       |     3 |     2 |       |    58 |       ||    63
       Troll leather arm |       |       |     2 |    12 |    33 |    49 ||    96
Dodge: Dodged            |    11 |    30 |    34 |   150 |  1114 |   350 ||  1689
       Repelled          |       |       |       |       |    12 |     2 ||    14
Block: Other             |       |       |       |    16 |   187 |   137 ||   340
       Buckler           |       |       |       |       |   598 |    11 ||   609
